 Dungeon Crawl Stone Soup version 0.26.1-11-gd32895ea62 (webtiles) character file.

Game seed: 4955732745685938067

142 porpoise the Vandal (level 5, 0/38 HPs)
             Began as a Halfling Hunter on July 14, 2021.
             Succumbed to a kobold's poison
             ... on level 3 of the Dungeon.
             The game lasted 00:06:29 (2712 turns).

porpoise the Vandal (Halfling Hunter)               Turns: 2712, Time: 00:06:31

Health: 0/38       AC:  6    Str: 14    XL:     5   Next: 50%
Magic:  5/5        EV: 14    Int:  9    God:
Gold:   132        SH:  0    Dex: 15    Spells: 4/4 levels left

rFire    . . .     SeeInvis .   b - +1 hunting sling
rCold    . . .     Faith    .   (shield restricted)
rNeg     . . .     Spirit   .   c - +0 leather armour
rPois    .         Reflect  .   l - +0 helmet
rElec    .         Harm     .   g - +0 cloak
rCorr    .         Rampage  .   (no gloves)
Will     .....                  p - +0 pair of boots
Stlth    ++........             (no amulet)
HPRegen  0.12/turn              (no ring)
MPRegen  0.09/turn              (no ring)

@: lethally poisoned (0 -> -9)
A: small, mutation resistance 1
a: no special abilities


You were on level 3 of the Dungeon.
You visited 1 branch of the dungeon, and saw 3 of its levels.

You collected 132 gold pieces.

Inventory:

Hand Weapons
 a - a +0 rapier
 b - a +1 hunting sling (weapon)
Missiles
 d - 11 sling bullets (quivered ammo)
 n - 176 stones
Armour
 c - a +0 leather armour (worn)
 g - a +0 cloak (worn)
 l - a +0 helmet (worn)
 p - a +0 pair of boots (worn)
Scrolls
 e - a scroll of teleportation {unknown}
 f - a scroll of immolation {unknown}
 h - 2 scrolls of identify {unknown}
 i - a scroll of amnesia {unknown}
 j - a scroll of magic mapping {unknown}
 k - 3 scrolls of remove curse {unknown}
 m - a scroll of noise {unknown}
Potions
 o - 2 potions of flight
 q - a potion of curing {unknown}
 r - a potion of haste {unknown}
 s - a potion of lignification


   Skills:
 + Level 4.7 Fighting
 + Level 0.8 Short Blades
 - Level 5.8 Slings
 - Level 2.1 Dodging
 - Level 1.1 Stealth


You had 4 spell levels left.
You didn't know any spells.
Your spell library was empty.

Dungeon Overview and Level Annotations

Branches:
Dungeon (3/15)

Altars:
Vehumet

Annotations:
D:3 Grinder


Innate Abilities, Weirdness & Mutations

You are small and have problems with some larger weapons.
You are somewhat resistant to further mutation.


Message History

You are poisoned.
Grinder hits you.
You writhe in agony.
You feel sick.
The kobold throws a poisoned dart.
The poisoned dart hits you!
You are more poisoned.
Grinder gestures at you.
You barely resist.
You feel sick. Grinder hits you but does no damage.
You feel sick. The kobold barely misses you. Grinder hits you.
You feel sick. The kobold hits you but does no damage. Grinder hits you.
* * * LOW HITPOINT WARNING * * *
* * * LOW HITPOINT WARNING * * *
You feel sick. The kobold hits you but does no damage.
Grinder hits you but does no damage.
You can move again.
Unknown command.
Unknown command.
* * * LOW HITPOINT WARNING * * *
You feel sick. The kobold hits you but does no damage. Grinder hits you.
* * * LOW HITPOINT WARNING * * *
You die...

### #.. #.# #########
#.# #.......###.##
#####............### #
.†.................#.#
####.................###
#........###.@K......
#........# #..5.....(
#.)......# ####(#####
.........## .#
#.###.#..#.# . #
#.#.....< .. #.###..##.
#. #. ... .#


You could see Grinder and a kobold.

Vanquished Creatures
  A hound (D:2)
  4 adders
  2 worms (D:3)
  3 dart slugs
  4 leopard geckos (D:1)
  7 giant cockroaches
  4 goblins
  7 hobgoblins
  7 jackals
  2 quokkas (D:2)
  4 ball pythons
  3 bats
  2 frilled lizards
  4 kobolds
  A rat (D:1)
55 creatures vanquished.

Notes
Turn   | Place    | Note
-------+----------+-------------------------------------------
     0 | D:1      | porpoise the Halfling Hunter began the quest for the Orb.
     0 | D:1      | Reached XP level 1. HP: 14/14 MP: 1/1
   542 | D:1      | Reached XP level 2. HP: 15/20 MP: 2/2
   850 | D:1      | Reached XP level 3. HP: 20/26 MP: 3/3
  1372 | D:2      | Reached XP level 4. HP: 32/32 MP: 4/4
  1517 | D:2      | Reached XP level 5. HP: 15/38 MP: 5/5
  2267 | D:2      | Found a radiant altar of Vehumet.
  2696 | D:3      | Noticed Grinder
  2704 | D:3      | Paralysed by Grinder for 6 turns
  2711 | D:3      | HP: 1/38 [Grinder (4)]
  2712 | D:3      | Succumbed to a kobold's poison

Illustrated notes

Levels and vault maps discovered:
D:1:      amcnicky_arrival_blooded_trapdoor, layout_basic
D:2:      layout_loops_ring, vehumet_crystals
D:3:      layout_loops_ring, lemuel_doored_altar, minmay_unequal,
          uniq_crazy_yiuf_cottage, uniq_robin, uniq_grinder

Skill      XL: |  1  2  3  4 |
---------------+-------------+-----
Fighting       | 2 3 4 |  4.7
Short Blades   | |  0.8
Slings         | |  5.8
Dodging        | |  2.1
Stealth        | |  1.1

Action                   |  1- 3 |  4- 6 || total
-------------------------+-------+-------++-------
Melee: Short sword       |   105 |    42 ||   147
       Rapier            |       |    24 ||    24
 Fire: Hunting sling     |    19 |    89 ||   108
  Use: Potion            |       |     2 ||     2
 Stab: Sleeping          |     2 |       ||     2
Armor: Leather armour    |    24 |    19 ||    43
       Skin              |       |    15 ||    15
Dodge: Dodged            |    65 |    71 ||   136
